 Dungeon Crawl Stone Soup version 0.31-a0-466-g98c9adc2b6 (webtiles) character file.

Game seed: 3040241454432615337

321 ragingrage the Sneak (level 6, 0/42 (43) HPs)
             Began as a Spriggan Artificer on Aug 5, 2023.
             Was a Follower of Uskayaw.
             Slain by a gnoll
             ... wielding a +0 whip of draining
              (1 damage)
             ... on level 5 of the Dungeon.
             The game lasted 00:05:31 (3463 turns).

ragingrage the Sneak (Spriggan Artificer)           Turns: 3463, Time: 00:05:32

HP:   0/42 (43)     AC: 23    Str:  6    XL:     6   Next: 22%
MP:   7/7           EV:  4    Int: 12    God:    Uskayaw [*.....]
Gold: 290           SH:  0    Dex: 18    Spells: 3/5 levels left

rFire   + + +        m - +9 short sword "Imuteitodoi" {protect, *Corrode rF+++ Will++ Str-2}
rCold   . . .        (no shield)
rNeg    . . .        b - melded +0 robe
rPois   +            (helmet currently unavailable)
rElec   .            (cloak currently unavailable)
rCorr   +            (gloves unavailable)
SInv    +            (boots unavailable)
Will    +++..        (no amulet)
Stlth   +++          u - ring of resist corrosion
HPRegen 0.27/turn    (no ring)
MPRegen 0.10/turn

%: corrode self (3%)
@: mighty, lethally poisoned (0 -> -4), tree-form, lightly drained
A: stationary, stasis, torment immunity, boosted hp, very small, no large
weapons, unfitting armour, see invisible, (speed 3)
a: Renounce Religion, Stomp


You were on level 5 of the Dungeon.
You worshipped Uskayaw.
Uskayaw was noncommittal.
You were a tree.
You visited 1 branch of the dungeon, and saw 5 of its levels.

You collected 290 gold pieces.

Inventory:

Hand Weapons
 h - a +0 dagger
 m - the +9 short sword "Imuteitodoi" (weapon) {protect, *Corrode rF+++ Will++ Str-2}
   (You found it on level 2 of the Dungeon)

   Str:       It affects your strength (-2).
   rF:        It renders you almost immune to fire.
   *Corrode:  It may corrode you when you take damage.
   Will:      It greatly increases your willpower.
 n - a +0 sling
Missiles
 a - 8 poisoned darts (quivered)
Armour
 b - a +0 robe (melded)
Jewellery
 u - a ring of resist corrosion (left branch)
Talismans
 o - a serpent talisman
Wands
 c - a wand of flame (15)
 d - a wand of charming (13)
 e - a wand of iceblast (5)
Scrolls
 f - a scroll of immolation {unknown}
 g - a scroll of identify
 i - 2 scrolls of teleportation {unknown}
 k - 2 scrolls of amnesia
 p - a scroll of noise {unknown}
 q - a scroll of vulnerability {unknown}
 s - a scroll of blinking {unknown}
Potions
 l - 2 potions of enlightenment
 r - a potion of might
 t - a potion of curing {unknown}


   Skills:
 - Level 0.7 Fighting
 + Level 3.7 Short Blades
 - Level 4.0 Dodging
 - Level 4.4 Stealth
 + Level 0.8 Air Magic
 + Level 3.4 Poison Magic
 - Level 4.0 Evocations


You had 3 spell levels left.
You knew the following spells:

 Your Spells              Type           Power      Damage    Failure   Level
a - Poisonous Vapours     Pois/Air       10%        N/A       22%         2

Your spell library contained the following spells:

 Spells                   Type           Power      Damage    Failure   Level
 Sting                    Tmut/Pois      16%        1d3       17%         1
 Sandblast                Erth           0%         2d4       32%         1
 Passwall                 Tmut/Erth      0%         N/A       45%         2
 Stone Arrow              Conj/Erth      0%         3d7       69%         3
 Olgreb's Toxic Radiance  Pois           8%         N/A       63%         4


Dungeon Overview and Level Annotations

Branches:
Dungeon (5/15)
 Temple: D:4-7

Altars:
Trog
Uskayaw

Shops:
D:4 *


Innate Abilities, Weirdness & Mutations

You are a tree.
Your roots penetrate the ground, keeping you stationary.
You cannot be teleported.
You are immune to unholy pain and torment.
Your maximum health is greatly increased.
Your equipment is partially melded.
You are very small and have problems with some larger weapons.
You are too small for most types of armour.
You have supernaturally acute eyesight. (SInv)
((You cover ground extremely quickly. (Speed+++)))


Message History

There are monsters nearby!
The gnoll shouts!
You puncture the gnoll!
Your weapon exudes an aura of protection.
The gnoll hits you but does no damage.
A gnoll comes into view. It is wielding a +0 whip of draining.
The gnoll shouts!
You hit the gnoll.
You kill the gnoll!
The gnoll throws a throwing net.
The throwing net hits you.
You become entangled in the net!
You struggle against the net.
You struggle against the net.
The sleepcap releases spores at you.
The gnoll hits you with a +1 whip of venom!
Unknown command.
You struggle against the net.
The sleepcap releases spores at you.
The gnoll hits you with a +1 whip of venom.
* * * LOW HITPOINT WARNING * * *
You are lethally poisoned!
Unknown command.
You rip the net and break free!
* * * LOW HITPOINT WARNING * * *
You feel very sick. The sleepcap misses you. The gnoll closely misses you.
The gnoll barely misses you.
Unknown command.
It was a potion of might.
You feel very mighty all of a sudden.
* * * LOW HITPOINT WARNING * * *
You feel sick. The sleepcap barely misses you. The gnoll barely misses you.
The gnoll closely misses you.
Unknown command.
It was a potion of lignification.
You turn into a tree.
Your +0 robe melds into your body.
Your roots penetrate the ground.
* * * LOW HITPOINT WARNING * * *
You feel sick. The sleepcap barely misses you.
The gnoll hits you with a +0 whip of draining.
* * * LOW HITPOINT WARNING * * *
You feel drained.
You die...

.....#.!.. .
........ ..
....... ...
.....#
....##....
......... #..
.......)##.....
.......♣g..#
.#.....fg......
#........##...
...##......# .
#. #.....## #
....#..
..##.#... ...
..)....


You could see a sleepcap and 2 gnolls.

Vanquished Creatures
  A jelly (D:4)
  A hound (D:3)
  An orc priest (D:4)
  2 sleepcaps (D:4)
  An orc wizard (D:4)
  5 gnolls
  An ufetubus (D:4)
  A worm (D:2)
  A dart slug (D:3)
  8 orcs
  3 endoplasms
  4 giant cockroaches
  6 goblins
  7 hobgoblins
  4 jackals (D:2)
  5 kobolds
  5 quokkas
  8 ball pythons
  6 bats
  4 frilled lizards
  5 rats
79 creatures vanquished.

Vanquished Creatures (collateral kills)
  An orc (D:3)
1 creature vanquished.

Vanquished Creatures (others)
  A minotaur (D:1)
  A demonspawn (D:1)
  An octopode (D:1)
  A troll (D:1)
  A formicid (D:1)
  A human (D:1)
  An ogre (D:1)
  A dwarf (D:1)
  A tengu (D:1)
  A felid (D:1)
  An orc priest (D:3)
  A mummy (D:1)
  An adder (D:2)
  2 gnolls (D:1)
  2 orcs (D:1)
  4 tentacles (D:1)
21 creatures vanquished.

Grand Total: 101 creatures vanquished

Notes
Turn   | Place    | Note
-------+----------+-------------------------------------------
     0 | D:1      | ragingrage the Spriggan Artificer began the quest for the
                  | Orb.
     0 | D:1      | Reached XP level 1. HP: 9/9 MP: 2/2
     2 | D:1      | Noticed a human
     2 | D:1      | Noticed a felid
     2 | D:1      | Noticed an ogre
     2 | D:1      | Noticed a tengu
     2 | D:1      | Noticed a kraken
     2 | D:1      | Noticed an octopode
     2 | D:1      | Noticed a formicid
     2 | D:1      | Noticed a demonspawn
     2 | D:1      | Noticed a troll
     2 | D:1      | Noticed a dwarf
     2 | D:1      | Noticed a minotaur
     6 | D:1      | Killed a tengu
    10 | D:1      | Killed a human
    11 | D:1      | Killed a felid
    12 | D:1      | Killed an ogre
    12 | D:1      | Killed a troll
    12 | D:1      | Killed a demonspawn
    13 | D:1      | Killed an octopode
    15 | D:1      | Killed a formicid
    16 | D:1      | Killed a minotaur
    16 | D:1      | Killed a dwarf
   189 | D:1      | Reached XP level 2. HP: 13/14 MP: 3/3
   560 | D:1      | Reached XP level 3. HP: 6/17 MP: 4/4
  1158 | D:2      | Learned a level 2 spell: Poisonous Vapours
  1311 | D:2      | Identified the +9 short sword "Imuteitodoi" {protect,
                  | *Corrode rF+++ Will++ Str-2}
  1628 | D:3      | Reached skill level 1 in Short Blades
  1628 | D:3      | Reached skill level 1 in Poison Magic
  1628 | D:3      | Reached XP level 4. HP: 14/21 MP: 5/5
  2212 | D:4      | Found a hide-covered altar of Uskayaw.
  2215 | D:4      | Reached XP level 5. HP: 25/25 MP: 6/6
  2375 | D:4      | Became a worshipper of Uskayaw the Reveller
  2411 | D:4      | Reached * piety under Uskayaw
  2557 | D:4      | Found Geledock's Neck Hole.
  2604 | D:4      | Found a bloodstained altar of Trog.
  2616 | D:4      | Reached ** piety under Uskayaw
  2617 | D:4      | Reached XP level 6. HP: 29/29 MP: 7/7
  3327 | D:5      | Entered Level 5 of the Dungeon
  3463 | D:5      | HP: 1/43 [gnoll/+0 whip of draining (2)]
  3463 | D:5      | Slain by a gnoll

Illustrated notes

Levels and vault maps discovered:
D:1:      nicolae_arrival_kraken_aquarium_b, layout_basic
D:2:      layout_rooms
D:3:      layout_basic
D:4:      layout_basic, eat_drink_and_be_merry_uskayaw,
          trog_three_pillars_becter, nicolae_shop_sticking_my_neck_out
D:5:      layout_cave_pools, hellmonk_okawaru_the_only_friend_you_need,
          minmay_temple_entry_large_hall, dreamdust_wishing_well

Skill      XL: |  1  2  3  4  5 |
---------------+----------------+-----
Stealth        | 3 4 |  4.4
Dodging        | 4 |  4.0
Short Blades   | 1 2 3 |  3.7
Poison Magic   | 1 2 3 |  3.4
Fighting       | |  0.7
Air Magic      | |  0.8
Evocations     | |  4.0

Action                     |  1- 3 |  4- 6 || total
---------------------------+-------+-------++-------
  Melee: Dagger            |   161 |       ||   161
         Club              |     8 |       ||     8
         Punch             |     3 |     2 ||     5
         Short sword       |    15 |    81 ||    96
  Throw: Dart              |     8 |       ||     8
  Evoke: Wand              |     1 |     1 ||     2
    Use: Scroll            |     2 |       ||     2
         Potion            |       |     3 ||     3
   Stab: Sleeping          |     3 |     9 ||    12
         Distracted        |       |     1 ||     1
 Armour: Robe              |    24 |     4 ||    28
  Dodge: Dodged            |   138 |    58 ||   196

Table legend: (Time is in decaauts)
 A = Elapsed time spent in this place.
 B = Non-inter-level travel time spent in this place.
 C = Inter-level travel time spent in this place.
 D = Time resting spent in this place.
 E = Time spent auto-exploring this place.
 F = Levels seen in this place.
 G = Mean time per level.
                   A        B        C        D        E       F      G
               +--------+--------+--------+--------+--------+-----+--------+
         Total |   2415 |   2348 |     67 |    322 |   1259 |   5 |  483.0 |
       Dungeon |   2415 |   2348 |     67 |    322 |   1259 |   5 |  483.0 |
               +--------+--------+--------+--------+--------+-----+--------+

Top non-repeatable levels by time:
     D:1: 683 daAuts
     D:3: 608 daAuts
     D:4: 593 daAuts
     D:2: 491 daAuts
     D:5: 37 daAuts
